cohdb
Replays
Latest Replays
All Replays
Popular Replays
Top Player Replays
Match Explorer
How It Works
Community
CoH3 Stats
Reddit
Sign in to upload your games and track your stats! →
Sign in with Steam
Match 43084275
Unlisted
Match 43084275
Overview
Messages
Build Orders
End
Engineer Squad
Selects Heavy Weapons
Selects Heavy Weapons
Construct Barracks
Construct Weapon Support Center
M1919 Machine Gun Team
M1919 Machine Gun Team
M1919 Machine Gun Team
Sniper
Construct Medical Station
Selects M2HB .50cal Heavy Machine Gun
M1919 Machine Gun Team
Wayne_Wang
Quasi saur
†TugaElite†
DebaKLe
Billy Mitchell
ManFrau
0
0
Comments
sign in to comment!
No comments posted yet!